 Dungeon Crawl Stone Soup version 0.18-a0-1639-g7533f42 (webtiles) character file.

32 M4edhros the Vandal (level 3, 0/24 HPs)
             Began as an Octopode Hunter on Mar 27, 2016.
             Slain by an adder (5 damage)
             ... on level 2 of the Dungeon.
             The game lasted 00:00:36 (1007 turns).

M4edhros the Vandal (Octopode Hunter)               Turns: 1007, Time: 00:00:37

Health: 0/24       AC:  1    Str: 11    XL:     3   Next: 25%
Magic:  3/3        EV: 12    Int: 13    God:
Gold:   56         SH:  0    Dex: 13    Spells: 0 memorised, 2 levels left

rFire  + . .     SeeInvis .     b - +0 short sword
rCold  + . .     Gourm    .     (no shield)
rNeg   . . .     Faith    .     (helmet restricted)
rPois  +         Spirit   .     (no amulet)
rElec  +         Dismiss  .     (no ring)
rCorr  +         Reflect  .     (no ring)
SustAt .         Harm     .     (no ring)
MR     .....                    (no ring)
Stlth  +++.......               (no ring)
                                (no ring)
                                (no ring)
                                (no ring)

@: lethally poisoned (0 -> -10), resistant, not resistant to hostile
enchantments, fairly stealthy
A: almost no armour, amphibious, 8 rings, constrict 8, camouflage 1, gelatinous
body 1
a: no special abilities


You were on level 2 of the Dungeon.
You were not hungry.

You visited 1 branch of the dungeon, and saw 2 of its levels.

You collected 56 gold pieces.

Inventory:

Hand Weapons
 a - a +1 hunting sling
 b - a +0 short sword (weapon)
Missiles
 c - 19 sling bullets
Scrolls
 e - a scroll of enchant armour {unknown}
 f - a scroll of identify {unknown}
 g - a scroll of fog {unknown}
 i - 2 scrolls of remove curse {unknown}
Potions
 j - a potion of degeneration {unknown}
Comestibles
 d - a bread ration


   Skills:
 - Level 2.0 Fighting
 + Level 5.0 Slings
 - Level 2.0 Dodging
 - Level 1.3 Stealth


You had 2 spell levels left.
You didn't know any spells.

Dungeon Overview and Level Annotations

Branches:
Dungeon (2/15)

Altars:


Innate Abilities, Weirdness & Mutations

You cannot wear most types of armour.
You are amphibious.
You can wear up to eight rings at the same time.
You can use your tentacles to constrict eight enemies at once.
Your skin changes colour to match your surroundings (Stealth).
Your rubbery body absorbs attacks (AC +1).


Message History

You feel sick. The bat hits you but does no damage. The adder bites you.
The adder bites you.
You are lethally poisoned!
The adder poisons you! The bat closely misses you. The adder bites you.
You miss the adder. Your grab misses the adder.
The adder is heavily wounded.
* * * LOW HITPOINT WARNING * * *
You feel sick. The bat closely misses you. The adder barely misses you.
The bat misses you.
You are too injured to fight recklessly!
There is a lethal amount of poison in your body!
You are too injured to fight recklessly!
Drink which item? (? for menu, Esc to quit)
It was a potion of resistance.
You feel protected.
* * * LOW HITPOINT WARNING * * *
You feel sick. The bat hits you.
* * * LOW HITPOINT WARNING * * *
The adder bites you.
You die...

.....................#
....##...............#
....##...............#
....##...............#
....##...............#
################.....#
### ##.....# ..#
#..S...# ..# #.@..###
..# #....# ..# #b...#
..# .....# ### ......#
#### .......# ..<#
.###....# #### ..
#....#


You could see an adder and a bat.

Vanquished Creatures
  An ooze (D:1)
  A dart slug (D:1)
  5 bats (D:1)
  A giant cockroach (D:1)
  5 goblins
  3 hobgoblins
  3 jackals (D:1)
  A giant newt (D:1)
  A kobold (D:2)
  3 rats (D:1)
24 creatures vanquished.

Notes
Turn   | Place    | Note
--------------------------------------------------------------
     0 | D:1      | M4edhros the Octopode Hunter began the quest for the Orb.
     0 | D:1      | Reached XP level 1. HP: 14/14 MP: 1/1
   108 | D:1      | Reached XP level 2. HP: 16/19 MP: 2/2
   452 | D:1      | Reached XP level 3. HP: 11/24 MP: 3/3
   790 | D:1      | Reached skill level 5 in Slings
  1007 | D:2      | Slain by an adder

Vault maps used:
D:1:      dpeg_arrival_connections, minmay_misc_feat_enclosed
D:2:      overflow_temple_1_default, first_bread

Skill      XL: |  1  2  3 |
---------------+----------+-----
Slings         | 5 |  5.0
Fighting       | |  2.0
Dodging        | |  2.0
Stealth        | |  1.3

Action                   || total
-------------------------++-------
Melee: Short sword       ||    50
 Fire: Hunting sling     ||     5
  Use: Potion            ||     1
 Stab: Sleeping          ||     6
